 Dungeon Crawl Stone Soup version 0.31-a0-1009-g454b1f1e0a (webtiles) character file.

Game seed: 12168335356355381683

6384 Avanven the Grappler (level 10, -15/65 HPs)
             Began as a Merfolk Shapeshifter on Nov 14, 2023.
             Was an Initiate of Ru.
             Killed from afar by a deep elf zephyrmancer (17 damage)
             ... with a bolt of lightning
             ... on level 9 of the Dungeon.
             The game lasted 00:19:36 (7780 turns).

Avanven the Grappler (Merfolk Shapeshifter)         Turns: 7780, Time: 00:19:37

Health: -15/65     AC: 23    Str: 20    XL:     10   Next: 97%
Magic:  10/10      EV:  4    Int:  9    God:    Ru [......]
Gold:   626        SH:  5    Dex: 13    Spells: 9/9 levels left

rFire   + .          .
                       - Unarmed
rCold   + . .        (shield currently unavailable)
rNeg    + . .        r - +0 gold dragon scales
rPois   +            v - +0 helmet
rElec   .            E - +0 cloak
rCorr   .            (no gloves)
SInv    .            D - +1 pair of boots
Will    .....        b - amulet of reflection Stlth
                     k - +4 ring of protection
HPRegen 0.30/turn    o - ring of positive energy
MPRegen 0.12/turn

%: reflection
@: flux-form, glowing
A: glow, contaminating, no stealth, (nimble swimmer 2), mertail
a: Begin Untransformation, Renounce Religion


You were on level 9 of the Dungeon.
You worshipped Ru.
Ru was noncommittal.
You were something dangerously unstable.
You visited 2 branches of the dungeon, and saw 10 of its levels.
You also visited: Ossuary.

You collected 1426 gold pieces.
You spent 800 gold pieces at shops.

Inventory:

Missiles
 l - 4 throwing nets
Armour
 r - +0 gold dragon scales (worn)
 v - a +0 helmet (worn)
 D - a +1 pair of boots (worn)
 E - a +0 cloak (worn)
Jewellery
 b - an amulet of reflection (around neck)
 k - a +4 ring of protection (left hand)
 n - an amulet of the acrobat
 o - a ring of positive energy (right hand)
 p - an amulet of guardian spirit
 F - a ring of flight
Talismans
 c - a beast talisman
 d - a flux talisman (active)
Wands
 a - a wand of acid (13)
 m - a wand of flame (81)
 w - a wand of iceblast (20)
 y - a wand of mindburst (8)
Scrolls
 f - 3 scrolls of teleportation
 s - 2 scrolls of poison {unknown}
 t - a scroll of amnesia
 C - 2 scrolls of identify
Potions
 e - 2 potions of mutation
 g - a potion of might {unknown}
 h - 3 potions of enlightenment
 i - a potion of cancellation
 j - a potion of berserk rage {unknown}
 q - 4 potions of curing
 u - 2 potions of magic {unknown}
 x - a potion of haste
 z - 2 potions of heal wounds {unknown}
 A - 2 potions of lignification
 B - a potion of resistance {unknown}
 G - a potion of attraction {unknown}


   Skills:
 - Level 1.1 Fighting
 + Level 5.0 Armour
 - Level 6.5 Dodging
 * Level 12.9 Unarmed Combat
 + Level 10.5 Shapeshifting


You had 9 spell levels left.
You didn't know any spells.
Your spell library contained the following spells:

 Spells                   Type           Power      Damage    Failure   Level
 Blink                    Tloc           0%         N/A       100%        2
 Lesser Beckoning         Tloc           0%         N/A       100%        2
 Momentum Strike          Conj/Tloc      0%         3d8       100%        2
 Scorch                   Fire           0%         2d5       100%        2
 Dazzling Flash           Conj/Hex       0%         N/A       100%        3
 Gell's Gravitas          Tloc           0%         N/A       100%        3
 Teleport Other           Tloc           0%         N/A       100%        3
 Volatile Blastmotes      Fire/Tloc      0%         2d10      100%        3
 Flame Wave               Conj/Fire      0%         2d4       100%        4
 Fulminant Prism          Conj/Hex       0%         3d5       100%        4
 Iskenderun's Mystic Bla  Conj/Tloc      0%         2d3       100%        4
 Agony                    Necr           0%         N/A       100%        5
 Silence                  Hex/Air        0%         N/A       100%        5
 Dispersal                Tloc           0%         N/A       100%        6
 Summon Cactus Giant      Summ           0%         N/A       100%        6


Dungeon Overview and Level Annotations

Branches:
Dungeon (9/15)             Temple (1/1) D:7            Lair (0/5) D:9
Ossuary (visited)
    Orc: D:9-12

Altars:
Ashenzari
Dithmenos
Elyvilon
Fedhas
Gozag
Hepliaklqana
Kikubaaqudgha
Makhleb
Nemelex Xobeh
Okawaru
Ru
Sif Muna
Trog
Uskayaw
Vehumet
Wu Jian
Xom
Yredelemnul
Zin
The Shining One

Shops:
D:5 [   D:7 !

Portals:
Abyss: D:6

Annotations:
D:6 2 transporters, Dwachs's ghost, novice OpSh


Innate Abilities, Weirdness & Mutations

You are something dangerously unstable.
You glow with magical radiation, making you easy to see and hit.
Foes you strike become dangerously contaminated with magical radiation.
You are incapable of wielding weapons or throwing items.
You cannot be stealthy.
((You are very nimble when in or above water. (Stealth+, EV+, Speed+++)))
Your lower body shifts to a powerful aquatic tail in water.


Message History

No target in view!
No target in view!
There is a large open door, spattered with blood here.
You open the door.
A deep elf zephyrmancer comes into view.
It is wielding a +0 rapier.
The deep elf zephyrmancer shouts!
Found a runed hat and a glowing hat.
The deep elf zephyrmancer hits you but does no damage.
There is an open door here.
You hit the deep elf zephyrmancer.
The deep elf zephyrmancer begins to glow.
The deep elf zephyrmancer is lightly wounded.
You hit the deep elf zephyrmancer.
The deep elf zephyrmancer glows dangerously bright.
The deep elf zephyrmancer is lightly wounded.
The deep elf zephyrmancer casts a spell at you.
The bolt of lightning hits you! The bolt of lightning hits you!!
You hear a shout!
Something shouts, "Back with thee, thou beslubbering hell-hated slime mould!"
You punch the deep elf zephyrmancer!
The deep elf zephyrmancer shudders as magic cascades through it!!
You kill the deep elf zephyrmancer!
A shadow imp opens the door.
Something unseen opens the door.
Your Armour skill increases to level 5!
A deep elf zephyrmancer opens the door.
Found two books of Minor Magic.
Items here: ) [[[ †.
Things that are here:
a +1 hat; a +0 hat; a +0 robe
Items here: ) [[[ †.
A white imp comes into view.
The white imp shouts!
There is an open door here.
You hit the deep elf zephyrmancer but do no damage.
The deep elf zephyrmancer begins to glow.
The deep elf zephyrmancer casts a spell at you.
The bolt of lightning hits you!!
* * * LOW HITPOINT WARNING * * *
The bolt of lightning hits you!
You die...

#..# #########...>....
#..# ## #........ #.)##
#. ####........
##..##'##'##:##........
###...#......#:##........
#....)#......#'##......#.
##....[....55'.#
##..[[......'e#
#...#.☼..☼.#p#
#...#......#)#
#...##'##'##[#
#...##.##.####
#...####### #...# #...#


You could see a deep elf zephyrmancer (contam), a white imp and a shadow imp.

Vanquished Creatures
  A hydra (D:8)
  A deep elf zephyrmancer (D:9)
  Pikel (D:7)
  A troll (D:7)
  A hornet (D:8)
  2 dream sheep (D:8)
  A wyvern (D:7)
  A steam dragon (D:8)
  4 water moccasins
  A swamp drake (D:9)
  4 ice beasts
  2 black bears (D:7)
  4 sky beasts
  2 ogres
  A centaur (D:9)
  3 kobold brigands (D:8)
  A phantom (D:7)
  An elf zombie (Ossuary)
  A bullfrog (D:7)
  A gnoll sergeant (D:7)
  A scorpion (D:4)
  5 wights
  7 killer bees
  A crimson imp (D:9)
  A lava snake (D:7)
  2 centaur zombies (Ossuary)
  A human zombie (Ossuary)
  2 hounds (D:5)
  4 orc priests
  An iron imp (D:9)
  4 iguanas
  Terence (D:2)
  10 orc wizards
  2 mummies (Ossuary)
  An adder (D:4)
  16 gnolls
  A shadow imp (D:6)
  2 white imps (D:5)
  8 ufetubi
  2 adder zombies (Ossuary)
  A worm (D:4)
  A dart slug (D:3)
  28 orcs
  9 endoplasms
  2 giant cockroaches (D:1)
  5 goblins
  7 hobgoblins
  7 jackals
  6 ball pythons
  6 bats
  3 frilled lizards
  2 goblin zombies (Ossuary)
  9 hobgoblin zombies (Ossuary)
  A jackal zombie (Ossuary)
  8 kobolds
  9 kobold zombies (Ossuary)
  8 orc zombies (Ossuary)
  4 rats
  2 rat zombies (Ossuary)
224 creatures vanquished.

Notes
Turn   | Place    | Note
-------+----------+-------------------------------------------
     0 | D:1      | Avanven the Merfolk Shapeshifter began the quest for the
                  | Orb.
     0 | D:1      | Reached XP level 1. HP: 15/15 MP: 1/1
   227 | D:1      | Reached XP level 2. HP: 21/21 MP: 2/2
   662 | D:2      | Noticed Terence
   673 | D:2      | Killed Terence
   674 | D:2      | Reached skill level 4 in Unarmed Combat
   674 | D:2      | Reached XP level 3. HP: 26/26 MP: 3/3
  1290 | D:3      | Reached XP level 4. HP: 31/32 MP: 4/4
  1336 | D:3      | Identified the +2 leather armour of the Barracuda {rF-
                  | Regen+ Int+3 Dex+3}
  1677 | D:3      | Found a sparkling altar of Nemelex Xobeh.
  1713 | D:3      | Found an ornate altar of the Wu Jian Council.
  1842 | D:4      | Found a sand-covered staircase.
  1847 | Ossuary  | Entered an ossuary
  1998 | Ossuary  | Reached skill level 5 in Unarmed Combat
  1998 | Ossuary  | Reached skill level 5 in Shapeshifting
  1998 | Ossuary  | Reached XP level 5. HP: 32/37 MP: 5/5
  2160 | Ossuary  | Reached XP level 6. HP: 33/43 MP: 4/6
  2258 | Ossuary  | Identified 2 scrolls of acquirement
  2258 | Ossuary  | Acquired 730 gold pieces
  2261 | Ossuary  | Acquired an amulet of reflection
  2325 | D:4      | Reached skill level 5 in Dodging
  2325 | D:4      | Reached skill level 6 in Unarmed Combat
  2472 | D:4      | Reached XP level 7. HP: 30/48 MP: 7/7
  2837 | D:5      | Entered Level 5 of the Dungeon
  3007 | D:5      | Found a shimmering altar of Xom.
  3125 | D:5      | Reached skill level 7 in Unarmed Combat
  3259 | D:5      | HP: 2/48 [water moccasin (3)]
  3266 | D:5      | Reached XP level 8. HP: 11/54 MP: 8/8
  3744 | D:5      | Found a hazy altar of Hepliaklqana.
  3952 | D:5      | Found Li Ji's Dragon-Slaying Spoils.
  3967 | D:5      | Bought +0 gold dragon scales for 800 gold pieces
  4112 | D:6      | Reached skill level 8 in Unarmed Combat
  4190 | D:6      | Reached skill level 1 in Armour
  4516 | D:6      | Found a bloodstained altar of Trog.
  4599 | D:6      | Found a transporter.
  4605 | D:6      | Found a transporter.
  4696 | D:6      | Found a one-way gate to the infinite horrors of the Abyss.
  4696 | D:6      | Noticed Dwachs's ghost (novice OpSh)
  4738 | D:7      | Found Vudidas Sude's Distillery.
  4812 | D:7      | Reached skill level 9 in Unarmed Combat
  5065 | D:7      | Noticed Pikel
  5066 | D:7      | Noticed a troll
  5072 | D:7      | Reached XP level 9. HP: 50/59 MP: 9/9
  5180 | D:7      | Killed a troll
  5187 | D:7      | Killed Pikel
  5188 | D:7      | Reached skill level 10 in Unarmed Combat
  5559 | D:7      | Found a staircase to the Ecumenical Temple.
  5578 | Temple   | Entered the Ecumenical Temple
  5689 | Temple   | Became a worshipper of Ru the Awakened
  6078 | D:8      | Reached skill level 11 in Unarmed Combat
  6140 | D:8      | Reached XP level 10. HP: 65/65 MP: 10/10
  6152 | D:8      | Found a shimmering blue altar of Sif Muna.
  6350 | D:8      | Found an ancient bone altar of Kikubaaqudgha.
  6677 | D:8      | Noticed a three-headed hydra
  6683 | D:8      | Killed a three-headed hydra
  6684 | D:8      | Reached skill level 12 in Unarmed Combat
  6684 | D:8      | Reached skill level 10 in Shapeshifting
  6827 | D:8      | Found a broken altar of Ashenzari.
  6831 | D:8      | Saw a vision of the Shoals and the Spider Nest.
  6831 | D:8      | Noticed a water nymph
  6831 | D:8      | Noticed a merfolk siren
  6831 | D:8      | Noticed a demonic crawler
  6831 | D:8      | Noticed a demonic crawler
  6831 | D:8      | Noticed a cyclops
  6831 | D:8      | Noticed a wolf spider
  6831 | D:8      | Noticed a harpy
  6831 | D:8      | Noticed a sea snake
  6831 | D:8      | Noticed a harpy
  6831 | D:8      | Noticed a moth of wrath
  6831 | D:8      | Noticed an orb spider
  6831 | D:8      | Noticed a skyshark
  6831 | D:8      | Noticed a steelbarb worm
  6831 | D:8      | Noticed a merfolk siren
  6832 | D:8      | Noticed a cyclops
  6972 | D:8      | Found an iron altar of Okawaru.
  7184 | D:8      | Gained mutation: You cannot be stealthy. [Ru sacrifice]
  7254 | D:9      | Identified the "Daisisug"
  7321 | D:9      | Found an opulent altar of Gozag.
  7328 | D:9      | Found a staircase to the Lair.
  7771 | D:9      | Noticed a deep elf zephyrmancer
  7775 | D:9      | Killed a deep elf zephyrmancer
  7776 | D:9      | Reached skill level 5 in Armour
  7777 | D:9      | Noticed a deep elf zephyrmancer
  7780 | D:9      | HP: 2/65 [deep elf zephyrmancer/bolt of lightning (31)]
  7780 | D:9      | Killed from afar by a deep elf zephyrmancer

Illustrated notes

Levels and vault maps discovered:
D:1:      minmay_arrival_radiant_lines, layout_basic,
          nicolae_kite_square_tiling_tiny
D:2:      layout_basic, uniq_terence
D:3:      layout_rooms, nemelex_dance_club_becter, lemuel_doored_altar,
          nrook_mini_backslash
D:4:      layout_rooms, enter_ossuary_2
D:5:      layout_cave_pools, mainiacjoe_overflow_concentric_impassable,
          mainiacjoe_overflow_24_doors, serial_column_ruins,
          column_ruins_pillar_12, column_ruins_pillar_3, column_ruins_pillar_10,
          column_ruins_pillar_1, column_ruins_pillar_4, column_ruins_pillar_1,
          column_ruins_pillar_9, column_ruins_pillar_2, column_ruins_pillar_2,
          column_ruins_pillar_7, column_ruins_pillar_4,
          nicolae_shop_dragon_depot
D:6:      layout_loops_cross, lightli_temple_of_fire,
          gammafunk_ghost_abyssal_escape, nicolae_concentric_dashed_squares_wild
D:7:      layout_loops_ring, minmay_temple_entry_offerings, serial_shops, shop,
          kennysheep_cluttered_room, grunt_decor_clamped,
          minmay_fractal_squares_5, uniq_pikel
D:8:      layout_basic, grunt_ashenzari_visionary
          [grunt_ashenzari_visionary_shoals, grunt_ashenzari_visionary_spider],
          mainiacjoe_overflow_six_doors_small,
          nicolae_kikubaaqudgha_miasma_corner, nicolae_sif_muna_condensation,
          hangedman_ranch
D:9:      minmay_the_grid_square_5x5_4x4 [minmay_the_grid_square_5x5_hourglass,
          minmay_the_grid_square_5x5_c, minmay_the_grid_square_5x5_three,
          minmay_the_grid_square_5x5_one_wall,
          minmay_the_grid_square_5x5_checkered_statues,
          minmay_the_grid_square_5x5_prize_itemx,
          minmay_the_grid_square_5x5_prize_open,
          minmay_the_grid_square_5x5_almost_minimal,
          minmay_the_grid_square_5x5_bridge,
          minmay_the_grid_square_5x5_prize_snowflake,
          minmay_the_grid_square_5x5_prize_gold, minmay_the_grid_square_5x5_z,
          minmay_the_grid_square_5x5_doubleslash,
          minmay_the_grid_square_5x5_mess,
          minmay_the_grid_square_5x5_three_small,
          minmay_the_grid_square_5x5_lines], layout_cave_pools,
          overflow_temple_1_default, grunt_qazlal_sundering,
          mainiacjoe_overflow_alcove_1, hangedman_minor_magic
Temple:   nicolae_temple_bog_church

Skill      XL: |  1  2  3  4  5  6  7  8  9 10 |
---------------+-------------------------------+-----
Dodging        | 3 4 5 6 |  6.5
Unarmed Combat | 4 5 6 7 9 11 12 | 12.9
Shapeshifting  | 5 6 7 9 10 | 10.5
Armour         | 2 3 5 |  5.0
Fighting       | |  1.1

Action                     |  1- 3 |  4- 6 |  7- 9 | 10-12 || total
---------------------------+-------+-------+-------+-------++-------
  Melee: Unarmed           |    64 |   213 |   319 |   198 ||   794
         Punch             |     2 |    10 |    15 |       ||    27
         Tailslap          |       |       |     2 |     4 ||     6
 Invoke: Sacrifice Stealth |       |       |       |     1 ||     1
  Evoke: Wand              |       |       |     5 |       ||     5
    Use: Potion            |     1 |       |     1 |     2 ||     4
         Scroll            |       |    10 |     7 |       ||    17
   Stab: Sleeping          |     1 |     1 |       |       ||     2
 Armour: Animal skin       |    24 |    99 |    56 |       ||   179
         Skin              |     2 |       |       |       ||     2
         Gold dragon scale |       |       |   156 |   194 ||   350
  Dodge: Dodged            |    41 |   111 |    94 |    41 ||   287
  Block: Other             |       |     8 |    72 |    37 ||   117
         Reflection        |       |       |       |     1 ||     1
   Form: Flux              |       |       |     1 |       ||     1

Table legend: (Time is in decaauts)
 A = Elapsed time spent in this place.
 B = Non-inter-level travel time spent in this place.
 C = Inter-level travel time spent in this place.
 D = Time resting spent in this place.
 E = Time spent auto-exploring this place.
 F = Levels seen in this place.
 G = Mean time per level.
                   A        B        C        D        E       F      G
               +--------+--------+--------+--------+--------+-----+--------+
         Total |   7610 |   7446 |    164 |   1051 |   4602 |  11 |  691.8 |
       Dungeon |   7054 |   6911 |    143 |   1051 |   4418 |   9 |  783.8 |
        Temple |    125 |    105 |     20 |      0 |      0 |   1 |  125.0 |
       Ossuary |    431 |    431 |      0 |      0 |    184 |   1 |  431.0 |
               +--------+--------+--------+--------+--------+-----+--------+

Top non-repeatable levels by time:
     D:5: 1183 daAuts
     D:8: 1173 daAuts
     D:7: 1172 daAuts
     D:6: 662 daAuts
     D:1: 655 daAuts
     D:3: 623 daAuts
     D:4: 565 daAuts
     D:2: 527 daAuts
     D:9: 489 daAuts
 Ossuary: 431 daAuts
  Temple: 125 daAuts
